 Dungeon Crawl Stone Soup version 0.22-a0-268-g1cc83ef (webtiles) character file.

396449 grindst0ne the Brawler (level 22, -10/209 HPs)
             Began as a Demonspawn Chaos Knight on Mar 9, 2018.
             Killed by Lee's Rapid Deconstruction
             ... invoked by a deep troll earth mage
              (35 damage)
             ... on level 3 of the Depths.
             The game lasted 03:27:51 (51023 turns).

grindst0ne the Brawler (Demonspawn Chaos Knight)   Turns: 51023, Time: 03:27:51

Health: -10/209    AC: 29    Str: 21    XL:     22   Next: 19%
Magic:  28/29      EV: 24    Int: 17    God:    Xom [....*.]
Gold:   3659       SH: 21    Dex: 21    Spells: 22/31 levels left

rFire    + . .     SeeInvis .     - Unarmed
rCold    + + .     Gourm    .   U - +0 shield
rNeg     + + +     Faith    .   (armour currently unavailable)
rPois    ∞         Spirit   .   V - +0 hat of Sihuuh {+Blink rElec rN++ Int-3}
rElec    +         Reflect  +   N - +1 cloak {MR+}
rCorr    .         Harm     .   (gloves unavailable)
MR       ++...     Clarity  +   (boots currently unavailable)
Stlth    ++........             S - +5 amulet of reflection
HPRegen  0.44/turn              w - ring of protection from fire
MPRegen  0.21/turn              E - ring of wizardry

@: agile, statue-form, very slow
A: antennae 1, beak, claws 3, hooves 2, agile 2, blurry vision 1, clarity,
clever 1, cold resistance 2, demonic guardian 3, mutation resistance 1, negative
energy resistance 1, sense surroundings 3, poison resistance, powered by pain 3,
50% torment resistance, strong 1, wild magic 1
}: 2/15 runes: decaying, serpentine
a: End Transformation, Renounce Religion, Evoke Blink


You were on level 3 of the Depths.
You worshipped Xom.
You were a beloved toy of Xom.
You were hungry.
You were a stone statue.
You visited 8 branches of the dungeon, and saw 41 of its levels.
You visited 1 bazaar.
You also visited: Labyrinth, Ossuary and Volcano.

You collected 5601 gold pieces.
You spent 1942 gold pieces at shops.

Inventory:

Missiles
 J - an arrow
Armour
 n - a +2 robe of magic resistance (melded)
 N - a +1 cloak of magic resistance (worn)
 U - a +0 shield (worn)
 V - the +0 hat of Sihuuh (worn) {+Blink rElec rN++ Int-3}
   (You found it on level 1 of the Lair of Beasts)

   It affects your intelligence (-3).
   It insulates you from electricity.
   It greatly protects you from negative energy.
   It lets you blink.
 W - a +2 large shield
Jewellery
 a - the amulet of Elyvilon's Hope {Faith rC+ Slay+2}
   (You found it on level 5 of the Lair of Beasts)

   [amulet of faith]

   It allows you to gain divine favour quickly.
   It affects your accuracy and damage with ranged weapons and melee attacks
   (+2).
   It protects you from cold.
 w - a ring of protection from fire (left claw)
 E - a ring of wizardry (right claw)
 O - an uncursed ring of poison resistance
 P - an uncursed ring of protection from cold
 S - a +5 amulet of reflection (around neck)
 T - an uncursed ring of see invisible
Wands
 r - a wand of polymorph (13)
 t - a wand of digging (43)
 u - a wand of iceblast (23)
 B - a wand of disintegration (7)
 M - a wand of flame (31)
 Q - a wand of paralysis (52)
 Y - a wand of acid (9)
Scrolls
 g - 4 scrolls of magic mapping
 j - 13 scrolls of teleportation
 l - 12 scrolls of immolation
 p - 3 scrolls of blinking
 q - 4 scrolls of amnesia
 y - 18 scrolls of remove curse
 C - a scroll of identify
 D - 2 scrolls of fog
 G - 3 scrolls of enchant armour
 I - a scroll of brand weapon
 R - 5 scrolls of fear
 Z - a scroll of silence
Potions
 b - 8 potions of curing
 d - 3 potions of agility
 e - 9 potions of lignification
 h - 3 potions of magic
 k - 5 potions of mutation
 m - 6 potions of flight
 s - 6 potions of ambrosia
 x - 6 potions of berserk rage
 z - 2 potions of resistance
 A - 2 potions of invisibility
 F - a potion of haste
 H - 5 potions of brilliance
 K - 5 potions of heal wounds
 L - 5 potions of might
 X - a potion of cancellation
Miscellaneous
 f - a box of beasts
 o - a lightning rod (4/4)
 v - a phantom mirror
Comestibles
 c - 59 rations
 i - 4 chunks of flesh


   Skills:
 + Level 10.4 Fighting
   Level 2.6 Axes
 - Level 12.4 Armour
 - Level 8.3 Dodging
 + Level 18.1 Shields
 - Level 19.0 Unarmed Combat
 - Level 5.0 Spellcasting
 + Level 13.4 Transmutations
 + Level 13.5 Earth Magic
 - Level 6.0 Evocations


You had 22 spell levels left.
You knew the following spells:

 Your Spells              Type           Power        Failure   Level  Hunger
a - Regeneration          Chrm/Necr      #.........   21%         3    ###....
b - Statue Form           Tmut/Erth      ######...    5%          6    #######


Dungeon Overview and Level Annotations

Branches:
Dungeon (15/15)            Temple (0/1) D:5            Lair (6/6) D:9
  Swamp (4/4) Lair:3        Snake (4/4) Lair:2        Slime (0/5) Lair:5
    Orc (2/2) D:10            Elf (0/3) Orc:2        Vaults (4/5) D:13
  Crypt (3/3) Vaults:2       Tomb (0/3) Crypt:3      Depths (3/5) D:15

Altars:
Dithmenos
Fedhas
Kikubaaqudgha
Makhleb
Nemelex Xobeh
Qazlal
Ru
Trog
Vehumet
Wu Jian
Xom
Yredelemnul
Zin
Jiyva

Shops:
D:4 ?   D:12 }   Orc:1 *   Orc:2 :==(   Snake:1 =}}   Snake:3 =   Snake:4 *
Vaults:1 ((   Vaults:2 =}*   Depths:2 [

Portals:
Hell: Depths:1 Depths:2
Abyss: Depths:1
Pandemonium: Depths:2
Trove: D:11 (give +7 demon whip)

Annotations:
D:2 exclusion: downstairs
D:12 Psyche


Innate Abilities, Weirdness & Mutations

You have claws for hands.
A powerful demonic guardian rushes to your aid.
You resist negative energy. (rN+)
You are powered by pain.
You are somewhat able to resist unholy torments (1 in 2 success).
((When seriously injured, your bleeding wounds create thick armour. (AC +0)))
You have a pair of small antennae on your head.
You have a beak for a mouth.
You have hoof-like feet.
You are very agile. (Dex +4)
Scrolls take you a little longer to read.
You possess an exceptional clarity of mind.
Your mind is acute. (Int +2)
Your flesh is very cold resistant. (rC++)
You are somewhat resistant to further mutation.
You passively map a large area around you.
Your system is resistant to poisons. (rPois)
((You are covered in fur. (AC +1)))
Your muscles are strong. (Str +2)
Your spells are a little harder to cast, but a little more powerful.


Message History

a scroll of brand weapon; a tengu corpse Evoke which item? (* to show all) (? for menu, Esc to quit)
Aiming: Disintegrate
Press: ? - help, Shift-Dir - straight line, f - deep troll earth mage
Aim: a deep troll earth mage (almost dead, chance to defeat MR: 72%)
The deep troll earth mage struggles to resist.
The deep troll earth mage gestures at you while chanting.
You shatter!
* * * LOW HITPOINT WARNING * * *
You focus on the pain.
You feel agile all of a sudden.
The merfolk javelineer throws a poisoned javelin.
You reflect the poisoned javelin off an invisible shield around you!
The poisoned javelin barely misses the merfolk javelineer.
You hear a splash.
The brown very ugly thing basks in the mutagenic energy from its kin and changes!
The deep troll earth mage points at you and mumbles some strange words.
You shatter!
You die...
Xom chuckles heartily!

########################*
**
........................≈
##......._.._...).....≈≈
, ,
.###......_.....8....≈≈≈
...##...#######..._..≈≈≈
* ....#...# ,,#....≈≈≈≈≈
....#...# , #..≈2≈.≈T., *
...##...#,, #.§≈≈..≈≈.
...#....# * #≈§≈.≈≈≈.. ,
..##..... ≈m§≈≈.≈≈≈.. *
###, , ≈ ≈≈.u.≈≈≈.. # , ≈
.....≈≈≈...


You could see a cyan very ugly thing, a merfolk javelineer, a deep troll earth
mage and a friendly balrug.

Vanquished Creatures
  An ancient lich (Crypt:3)
  Mennas (Vaults:4)
  the Lernaean hydra (Swamp:4)
  Vashnia (Snake:4)
  3 caustic shrikes
  A bone dragon (Crypt:3)
  A lich (Depths:2)
  A titan (Depths:3)
  A quicksilver dragon (Depths:3)
  4 tengu reavers
  A sphinx (Vaults:2)
  Gastronok (D:11)
  An ancient champion (Crypt:2)
  A shadow dragon (Snake:3)
  A thorn hunter (Swamp:3)
  A revenant (Crypt:1)
  3 nagarajas
  Donald (Swamp:2)
  5 fire giants
  Roxanne (Swamp:1)
  A deep elf sorcerer (Vaults:3)
  2 frost giants
  11 vault wardens
  An orc warlord (Orc:1)
  Aizul (Snake:1)
  9 ironheart preservers
  A ghoul (Crypt:1)
  4 war gargoyles
  5 very ugly things
  13 stone giants
  2 deep elf demonologists
  A dire elephant (D:15)
  3 vampire knights
  5 spark wasps (Depths:3)
  The ghost of Tovarisch the Lord of Darkness, a journeyman DsNe of Kikubaaqudgha (Lair:5)
  A merfolk javelineer (Depths:3)
  3 deep elf death magi
  3 eidola (Crypt:1)
  5 ettins
  Snorg (D:14)
  Josephine (Lair:4)
  9 fire dragons
  A quicksilver dragon zombie (Crypt:2)
  8 yaktaur captains
  6 rakshasas
  5 jiangshi
  7 ogre magi
  4 crystal guardians
  2 great orbs of eyes
  9 naga warriors
  12 hydras
  13 vault guards
  A catoblepas (D:12)
  Erolcha (Orc:2)
  9 anacondas
  A spriggan air mage (Depths:3)
  5 ice dragons
  A merfolk avatar (Lair:6)
  21 two-headed ogres
  5 dancing weapons (Crypt:3)
  4 deep troll shamans
  3 death yaks (Lair:5)
  2 death knights (Crypt:1)
  5 deep troll earth magi
  11 centaur warriors
  7 alligators
  A spriggan berserker (Depths:2)
  3 vampire magi
  3 orc high priests
  5 tengu warriors
  4 naga sharpshooters
  6 shock serpents
  2 soul eaters
  4 deep elf knights
  Urug (D:10)
  6 hell knights (Crypt:3)
  21 skeletal warriors
  A sun demon (Volcano)
  Sonja (D:12)
  2 iron trolls (Depths:3)
  A shadow wraith (Crypt:2)
  An anaconda zombie (Crypt:2)
  3 storm dragon skeletons
  2 golden dragon zombies (Crypt:3)
  7 deep trolls
  6 unseen horrors
  2 glowing orange brains (Depths:3)
  2 flayed ghosts
  The ghost of matakusis the Summoner, a novice DESu of Hepliaklqana (D:11)
  6 phantasmal warriors
  A lindwurm (shapeshifter) (Vaults:2)
  2 shambling mangroves
  14 swamp dragons
  5 deep elf archers
  3 wizards
  An anaconda skeleton (Crypt:3)
  2 naga ritualists
  5 mana vipers
  11 ironbrand convokers
  7 orc knights
  A harpy (Lair:6)
  7 necromancers
  2 wolf spiders (Vaults:2)
  An oklob plant (Lair:4)
  A wolf spider zombie (D:15)
  36 ugly things
  8 orc sorcerers
  2 frost giant zombies
  6 salamanders
  5 cyclopes
  34 slime creatures
  2 iron dragon skeletons
  10 deep elf magi
  6 manticores
  A guardian serpent (shapeshifter) (D:15)
  A fire giant skeleton (Crypt:1)
  25 black mambas
  8 guardian serpents
  2 centaur zombies
  9 vault sentinels
  15 naga magi
  2 frost giant skeletons (Crypt:3)
  3 gargoyles
  13 spiny frogs
  An efreet (D:15)
  A sea snake zombie (Crypt:1)
  2 rime drakes (Lair:6)
  9 komodo dragons
  40 yaktaurs
  A catoblepas skeleton (Crypt:3)
  6 freezing wraiths
  4 tengu conjurers
  A queen ant zombie (Crypt:1)
  6 hornets
  2 meliai (shapeshifter) (Vaults:3)
  11 tyrant leeches
  4 trolls
  6 polar bears
  A hornet (shapeshifter) (Vaults:3)
  3 hydra skeletons
  13 hippogriffs
  7 blink frogs (Lair:6)
  A slime creature (shapeshifter) (Depths:3)
  A hippogriff (shapeshifter) (Vaults:2)
  5 bog bodies
  A frost giant simulacrum (Vaults:3)
  A guardian serpent zombie (Crypt:2)
  A human simulacrum (Vaults:3)
  A raiju (D:11)
  A meliai zombie (D:13)
  8 shadows
  A vampire (D:15)
  33 flying skulls
  An ice dragon skeleton (Crypt:2)
  6 spriggans
  A wyvern (Lair:3)
  3 hogs (Snake:2)
  5 fire bats (Volcano)
  A spriggan (shapeshifter) (Vaults:3)
  8 water elementals (Depths:3)
  7 wraiths
  A golden eye (Lair:6)
  37 yaks
  2 basilisks (shapeshifter)
  3 hungry ghosts (D:13)
  25 vampire mosquitoes
  A soldier ant (shapeshifter) (Vaults:3)
  5 wargs
  34 nagas
  19 swamp worms
  An infernal demonspawn zombie (Crypt:1)
  9 insubstantial wisps
  16 water moccasins
  A floating eye (Snake:4)
  An acid dragon (D:15)
  2 sky beasts
  15 swamp drakes
  8 porcupines
  Duvessa (D:5)
  3 hell hounds (Volcano)
  2 ice beasts
  A faun skeleton (Crypt:1)
  A hornet zombie (D:8)
  A black bear (Lair:2)
  19 orc warriors
  3 phantoms
  A lindwurm skeleton (Crypt:2)
  4 boggarts
  7 necrophages
  23 ogres
  5 centaurs
  6 crocodiles
  An elephant skeleton (Crypt:1)
  14 bullfrogs
  A gnoll sergeant (Orc:1)
  A wyvern zombie (D:7)
  Dowan (D:5)
  5 scorpions
  8 killer bees
  10 wights
  A yak skeleton (Crypt:2)
  A howler monkey (shapeshifter) (D:9)
  3 howler monkeys
  5 lava snakes (Volcano)
  4 crimson imps
  4 jellies
  A bullfrog skeleton (D:11)
  2 bullfrog zombies
  An iron imp (Depths:2)
  6 hounds
  4 centaur skeletons
  17 orc priests
  16 orc wizards
  10 worker ants
  A human skeleton (Crypt:1)
  2 iguanas
  A tengu zombie (Crypt:3)
  A dwarf skeleton (Crypt:2)
  A hound skeleton (D:5)
  3 mummies (Ossuary)
  A worker ant zombie (D:11)
  2 gnolls (D:3)
  14 adders
  A river rat (D:9)
  2 shadow imps
  An ooze (D:4)
  2 adder zombies (Ossuary)
  A halfling zombie (Crypt:1)
  3 adder skeletons
  2 worms
  4 leopard geckos
  64 orcs
  4 ball pythons
  3 giant cockroaches
  6 goblins
  5 hobgoblins
  13 jackals
  5 kobolds
  8 quokkas
  4 bats
  2 frilled lizards
  A frilled lizard zombie (Crypt:2)
  3 gnoll zombies
  3 goblin zombies (Ossuary)
  4 hobgoblin zombies (Ossuary)
  A jackal zombie (D:6)
  3 kobold zombies (Ossuary)
  A leopard gecko skeleton (D:5)
  A quokka skeleton (D:7)
  2 quokka zombies (Ossuary)
  9 rats
  3 rat zombies (Ossuary)
  A briar patch (Swamp:3)
  2 bushes (Lair:4)
  A fire vortex (Crypt:2)
  A fungus (Lair:1)
  2 plants
1370 creatures vanquished.

Vanquished Creatures (collateral kills)
  A golden dragon (Depths:2)
  Jory (Vaults:4)
  A tentacled monstrosity (Swamp:2)
  2 liches (Crypt:3)
  A quicksilver dragon (Lair:4)
  A sphinx (D:13)
  9 nagarajas (Snake:4)
  A frost giant (D:13)
  2 vault wardens (Vaults:1)
  Louise (Swamp:1)
  3 ironheart preservers
  3 stone giants
  5 very ugly things
  A vampire knight (Crypt:3)
  2 ettins
  An eidolon (Crypt:1)
  A minotaur (Lab)
  A crystal guardian (Crypt:3)
  5 ogre magi
  A quicksilver dragon zombie (Crypt:3)
  2 yaktaur captains
  A great orb of eyes (Vaults:3)
  2 vault guards (Vaults:1)
  A naga warrior (Snake:4)
  4 hydras
  Erica (D:10)
  2 anacondas (Snake:4)
  A centaur warrior (Vaults:3)
  12 two-headed ogres
  A death yak (Lair:5)
  2 deep troll shamans
  A tengu warrior (D:14)
  2 orc high priests (Orc:2)
  4 naga sharpshooters
  A shock serpent (Snake:4)
  Nergalle (Orc:1)
  7 skeletal warriors
  2 shadow wraiths
  A salamander mystic (Snake:4)
  A sea snake (Lair:6)
  3 naga ritualists (Snake:4)
  2 deep trolls (Depths:1)
  A swamp dragon (Swamp:1)
  A deep elf archer (D:13)
  An ironbrand convoker (Vaults:3)
  3 necromancers
  2 orc knights (Orc:2)
  A mana viper (Snake:2)
  A wolf spider (Vaults:2)
  4 deep elf magi
  A cyclops (D:13)
  3 salamanders
  4 oklob plants (Lair:2)
  14 ugly things
  7 black mambas
  A centaur zombie (D:14)
  5 guardian serpents
  An elephant (Lair:6)
  A human skeleton (Vaults:3)
  3 vault sentinels
  5 naga magi (Snake:4)
  A storm dragon simulacrum (Crypt:1)
  A spiny frog (shapeshifter) (Vaults:2)
  7 yaktaurs
  3 spiny frogs
  2 komodo dragons
  A troll (shapeshifter) (D:10)
  2 trolls
  5 hornets
  4 blink frogs (Lair:6)
  A blink frog (shapeshifter) (D:13)
  4 slime creatures (D:13)
  3 spriggans
  A flying skull (Crypt:3)
  3 wraiths
  9 yaks
  2 fire bats (Volcano)
  3 wyverns
  3 vampire mosquitoes (Swamp:1)
  Menkaure (D:5)
  10 nagas
  A hell hound (Volcano)
  3 porcupines
  6 water moccasins
  A gelid demonspawn skeleton (Crypt:1)
  2 orc warriors
  A swamp drake (Swamp:4)
  5 boggarts
  7 ogres
  3 wolves (Lair:2)
  A komodo dragon zombie (Crypt:1)
  2 bullfrogs
  A human simulacrum (Vaults:3)
  A quasit (D:7)
  4 orc wizards
  An iguana (D:13)
  2 worker ants
  A worker ant zombie (D:9)
  5 adders
  7 orcs
  A ball python (Lair:2)
  A jackal (D:4)
  2 briar patches (Swamp:3)
  2 bushes (Lair:4)
  A butterfly (D:9)
  2 fungi (Lair:4)
  A plant (Lair:2)
286 creatures vanquished.

Vanquished Creatures (others)
  3 stone giants
  An ironheart preserver (Vaults:4)
  3 yaktaur captains
  A naga warrior (Snake:2)
  2 centaur warriors
  A dancing weapon (Vaults:1)
  A tengu warrior (Depths:3)
  A naga sharpshooter (Snake:4)
  An unseen horror (D:15)
  A deep elf archer (Vaults:4)
  A deep elf mage (Vaults:4)
  2 naga magi
  2 black mambas (Snake:3)
  6 yaktaurs
  A hornet (Swamp:1)
  A spriggan (Swamp:1)
  2 swamp worms (Swamp:3)
  A naga (Snake:4)
  An insubstantial wisp (Swamp:3)
  A boggart (Vaults:3)
  An orc wizard (Orc:2)
  A fire vortex (Crypt:2)
  5 fungi (Lair:6)
  9 plants
  19 toadstools
68 creatures vanquished.

Grand Total: 1724 creatures vanquished

Notes
Turn   | Place    | Note
-------+----------+-------------------------------------------
     0 | D:1      | grindst0ne the Demonspawn Chaos Knight began the quest for the Orb.
     0 | D:1      | Reached XP level 1. HP: 18/18 MP: 1/1
    53 | D:1      | XOM: divination: magic mapping
   154 | D:1      | XOM: divination: detect items
   155 | D:1      | XOM: summons friendly white imp
   225 | D:1      | XOM: 10-stop teleportation journey
   251 | D:1      | Gained mutation: You have sharp fingernails. [demonic ancestry]
   251 | D:1      | Reached XP level 2. HP: 24/24 MP: 2/2
   748 | D:2      | XOM: cloud trail
   853 | D:2      | XOM: cloud trail
   897 | D:3      | XOM: butterfly on damage
  1035 | D:2      | XOM: potion effect (invisibility)
  1037 | D:2      | Gained mutation: A weak demonic guardian rushes to your aid. [demonic ancestry]
  1037 | D:2      | Reached XP level 3. HP: 5/30 MP: 3/3
  1037 | D:2      | HP: 1/30 [adder (4)]
  1642 | D:3      | Gained mutation: You have very sharp fingernails. [demonic ancestry]
  1642 | D:3      | Reached XP level 4. HP: 32/38 MP: 4/4
  1645 | D:3      | Reached skill level 5 in Fighting
  1645 | D:3      | XOM: smoke on damage
  1650 | D:3      | XOM: fake destruction
  1922 | D:3      | XOM: polymorph gnoll -> quokka
  1942 | D:3      | XOM: swap monsters
  1945 | D:3      | XOM: harmless Necr miscast
  1960 | D:3      | XOM: divination: detect creatures
  1970 | D:2      | Reached XP level 5. HP: 25/46 MP: 5/5
  2566 | D:3      | XOM: divination: detect items
  2609 | D:4      | XOM: 2-stop teleportation journey
  2613 | D:4      | XOM: give mutations
  2613 | D:4      | Gained mutation: You are robust. (+10% HP) [Xom's grace]
  2613 | D:4      | Gained mutation: Your mind is acute. (Int +2) [Xom's grace]
  2613 | D:4      | Gained mutation: Your flesh is heat resistant. (rF+) [Xom's grace]
  2613 | D:4      | Gained mutation: You have a pair of small antennae on your head. [Xom's grace]
  2670 | D:4      | XOM: cleaving
  2674 | D:4      | Noticed a boggart
  2674 | D:4      | a scorpion changed into a boggart
  2674 | D:4      | XOM: polymorph scorpion -> boggart
  2675 | D:4      | Killed a boggart
  2734 | D:4      | XOM: god gift: 14 gold pieces
  2819 | D:4      | Found a shimmering altar of Xom.
  2889 | D:4      | XOM: potion effect (agility)
  2891 | D:4      | Gained mutation: A demonic guardian rushes to your aid. [demonic ancestry]
  2891 | D:4      | Reached XP level 6. HP: 23/58 MP: 6/6
  3074 | D:4      | XOM: scenery: create altars
  3178 | D:4      | Found Riulojosch's Magic Scroll Boutique.
  3183 | D:4      | Bought a scroll of identify for 26 gold pieces
  3183 | D:4      | Bought a scroll of identify for 26 gold pieces
  3183 | D:4      | Bought a scroll of immolation for 45 gold pieces
  3183 | D:4      | Bought a scroll of blinking for 97 gold pieces
  3361 | D:4      | Found a sacrificial altar of Ru.
  3385 | D:4      | Found a bloodstained altar of Trog.
  3745 | D:5      | Entered Level 5 of the Dungeon
  3767 | D:5      | Found a staircase to the Ecumenical Temple.
  3886 | D:5      | Gained mutation: You sometimes gain a little power by taking damage. [demonic ancestry]
  3886 | D:5      | Reached XP level 7. HP: 54/68 MP: 7/7
  3953 | D:5      | XOM: scenery: create altars
  3971 | D:5      | Noticed Duvessa
  3975 | D:5      | Noticed Dowan
  3980 | D:5      | Killed Duvessa
  3982 | D:5      | Killed Dowan
  3994 | D:5      | XOM: polymorph soul eater -> sixfirhy
  4077 | D:5      | XOM: confuse monster(s)
  4279 | D:5      | XOM: cast spell 'Alistair's Intoxication'
  4316 | D:5      | Found a sparkling altar of Nemelex Xobeh.
  4651 | D:5      | Noticed Menkaure
  4656 | D:5      | Killed Menkaure
  4691 | D:5      | XOM: give mutations
  4691 | D:5      | Gained mutation: Your mind is very acute. (Int +4) [Xom's grace]
  4691 | D:5      | Gained mutation: You passively map a small area around you. [Xom's grace]
  4691 | D:5      | Gained mutation: You evolve. [Xom's grace]
  4691 | D:5      | Gained mutation: You are agile. (Dex +2) [Xom's grace]
  4825 | D:5      | Found a radiant altar of Vehumet.
  4826 | D:5      | Found a burning altar of Makhleb.
  4847 | D:5      | XOM: god gift: 21 stones
  4938 | D:6      | XOM: divination: detect items
  4947 | D:6      | Reached XP level 8. HP: 50/79 MP: 8/8
  5001 | D:6      | Reached skill level 10 in Fighting
  5147 | D:6      | Found a sand-covered staircase.
  5151 | Ossuary  | Entered an ossuary
  5528 | D:6      | XOM: 4-stop teleportation journey
  5591 | D:6      | Got a twisted plate armour
  5602 | D:6      | Identified the +6 plate armour of Xepiuj {Int+2} (You found it on level 6 of the Dungeon)
  5765 | D:7      | XOM: scenery: create altars
  5912 | D:7      | Reached skill level 5 in Armour
  5934 | D:7      | Found a stormy altar of Qazlal.
  5937 | D:7      | Noticed an air elemental
  6270 | D:7      | XOM: give mutations
  6270 | D:7      | Lost mutation: Your mind is very acute. (Int +4) [Xom's mischief]
  6270 | D:7      | Lost mutation: You are robust. (+10% HP) [Xom's mischief]
  6270 | D:7      | Lost mutation: Your mind is acute. (Int +2) [Xom's mischief]
  6270 | D:7      | Gained mutation: You have large cloven feet. [Xom's mischief]
  6588 | D:8      | Found a glowing silver altar of Zin.
  6617 | D:8      | Found an ornate altar of the Wu Jian Council.
  6665 | D:8      | Gained mutation: You sometimes gain power by taking damage. [demonic ancestry]
  6665 | D:8      | Reached XP level 9. HP: 72/78 MP: 9/9
  6710 | D:8      | Found a basalt altar of Yredelemnul.
  6710 | D:8      | XOM: 9-stop teleportation journey
  6789 | D:8      | XOM: god gift: wand of clouds (7)
  6859 | D:8      | XOM: cloud trail
  6901 | D:8      | Noticed a two-headed ogre
  6908 | D:8      | Killed a two-headed ogre
  7007 | D:8      | XOM: cleaving
  7037 | D:8      | Noticed a two-headed ogre
  7052 | D:8      | Killed a two-headed ogre
  7519 | D:9      | XOM: god gift: scroll labeled TUESIM SOC {god gift}
  7601 | D:9      | XOM: cast spell 'Summon Butterflies'
  7602 | D:9      | Gained mutation: Your flesh is cold resistant. (rC+) [evolution]
  7646 | D:9      | Reached skill level 10 in Armour
  7646 | D:9      | Gained mutation: When seriously injured, your bleeding wounds create armour. (AC +0) [demonic ancestry]
  7646 | D:9      | Reached XP level 10. HP: 77/85 MP: 10/10
  7661 | D:9      | Found a staircase to the Lair.
  7705 | D:9      | Noticed a two-headed ogre
  7711 | D:9      | Killed a two-headed ogre
  7759 | D:9      | XOM: 2-stop teleportation journey
  7875 | D:9      | XOM: enchant monster (good)
  8137 | D:10     | Entered Level 10 of the Dungeon
  8143 | D:10     | Noticed Urug
  8166 | D:10     | Killed Urug
  8249 | D:10     | XOM: polymorph yak -> raiju
  8273 | D:10     | XOM: scenery: 1 doors open
  8344 | D:10     | Found a staircase to the Orcish Mines.
  8555 | D:10     | XOM: mild Tloc miscast
  8574 | D:10     | Noticed Erica
  8574 | D:10     | XOM: enchant monster (good)
  8600 | D:10     | Killed Erica
  8888 | D:10     | XOM: cleaving
  8999 | Lair:1   | Entered Level 1 of the Lair of Beasts
  9028 | Lair:1   | Got a heavily runed hat
  9034 | Lair:1   | Identified the +0 hat of Sihuuh {+Blink rElec rN++ Int-3} (You found it on level 1 of the Lair of Beasts)
  9068 | Lair:1   | Reached skill level 1 in Evocations
  9143 | Lair:1   | XOM: noise
  9153 | Lair:1   | XOM: 4-stop teleportation journey
  9154 | Lair:1   | Noticed a spiny frog
  9154 | Lair:1   | XOM: summons 4 hostile shadow creatures
  9299 | Lair:1   | Killed a spiny frog
  9516 | Lair:1   | Gained mutation: You have claws for hands. [demonic ancestry]
  9516 | Lair:1   | Reached XP level 11. HP: 63/90 MP: 11/13
  9765 | Lair:2   | Noticed a four-headed hydra
  9772 | Lair:2   | Killed a one-headed hydra
  9772 | Lair:2   | Reached skill level 2 in Unarmed Combat
  9780 | Lair:2   | XOM: stat loss: -1 Int (12/13)
 10042 | Lair:2   | XOM: 1-stop teleportation journey
 10046 | Lair:2   | XOM: give mutation
 10046 | Lair:2   | Lost mutation: You are agile. (Dex +2) [Xom's mischief]
 10052 | Lair:2   | Noticed a five-headed hydra
 10053 | Lair:2   | Noticed an oklob plant
 10060 | Lair:2   | Killed a five-headed hydra
 10060 | Lair:2   | Reached skill level 3 in Unarmed Combat
 10067 | Lair:2   | XOM: god gift: 35 gold pieces
 10135 | Lair:2   | XOM: 5-stop teleportation journey
 10136 | Lair:2   | XOM: fog
 10183 | Lair:2   | Found a staircase to the Snake Pit.
 10185 | Lair:2   | XOM: destruction
 10202 | Lair:2   | Reached skill level 4 in Unarmed Combat
 10502 | Lair:2   | XOM: confuse monster(s)
 10623 | Lair:2   | XOM: cloud trail
 10715 | Lair:2   | XOM: god gift: twisted smoking staff {god gift}
 10756 | Lair:2   | XOM: god gift: scroll labeled UNOCSA PITAI {god gift}
 10850 | Lair:2   | Noticed an oklob plant
 10850 | Lair:2   | Noticed an oklob plant
 10850 | Lair:2   | Noticed an oklob plant
 10850 | Lair:2   | XOM: confuse monster(s)
 10860 | Lair:2   | Killed an oklob plant
 10867 | Lair:2   | Killed an oklob plant
 10867 | Lair:2   | Reached skill level 5 in Unarmed Combat
 10870 | Lair:2   | XOM: confuse monster(s)
 11038 | Lair:2   | XOM: medium Hex miscast
 11247 | Lair:2   | XOM: scenery: 1 doors close
 11248 | Lair:2   | Killed an oklob plant
 11248 | Lair:2   | Reached skill level 5 in Evocations
 11560 | Lair:2   | XOM: silly message
 11603 | Lair:2   | Killed an oklob plant
 11934 | Lair:3   | Found a dark tunnel.
 11943 | Volcano  | XOM: noise
 11943 | Volcano  | Entered a volcano
 11970 | Volcano  | Reached skill level 6 in Unarmed Combat
 12040 | Volcano  | XOM: cleaving
 12120 | Volcano  | XOM: confusion (+ monsters)
 12204 | Volcano  | Noticed a red ugly thing
 12212 | Volcano  | Noticed a sun demon
 12216 | Volcano  | Killed a red ugly thing
 12216 | Volcano  | Reached skill level 7 in Unarmed Combat
 12221 | Volcano  | Killed a sun demon
 12252 | Volcano  | Noticed an orc sorcerer
 12266 | Volcano  | Killed an orc sorcerer
 12279 | Volcano  | Found a bloodstained altar of Trog.
 12304 | Volcano  | Found a bloodstained altar of Trog.
 12465 | Lair:3   | Gained mutation: When seriously injured, your bleeding wounds create thick armour. (AC +0) [demonic ancestry]
 12465 | Lair:3   | Reached XP level 12. HP: 83/97 MP: 16/16
 12588 | Lair:3   | Found a staircase to the Swamp.
 12608 | Lair:3   | Reached skill level 8 in Unarmed Combat
 12650 | Lair:3   | XOM: god gift: 17 stones
 12695 | Lair:4   | Noticed Rupert
 12695 | Lair:4   | Noticed Rupert
 12695 | Lair:4   | Rupert changed into Rupert the quicksilver dragon
 12695 | Lair:4   | XOM: polymorph Rupert -> Rupert the quicksilver dragon
 12708 | Lair:4   | XOM: mild Chrm miscast
 12715 | Lair:4   | Killed Rupert the quicksilver dragon
 12795 | Lair:4   | XOM: 5-stop teleportation journey
 12912 | Lair:4   | Found a blossoming altar of Fedhas.
 12936 | Lair:4   | XOM: polymorph sixfirhy -> soul eater
 12977 | Lair:4   | XOM: divination: detect items
 13016 | Lair:4   | XOM: summons 12 friendly demons
 13022 | Lair:4   | Reached skill level 9 in Unarmed Combat
 13077 | Lair:4   | Noticed Josephine
 13078 | Lair:4   | XOM: fog
 13089 | Lair:4   | Killed Josephine
 13102 | Lair:4   | XOM: 2-stop teleportation journey
 13195 | Lair:4   | XOM: give mutations
 13195 | Lair:4   | Gained mutation: You passively map the area around you. [Xom's grace]
 13195 | Lair:4   | Gained mutation: You possess an exceptional clarity of mind. [Xom's grace]
 13251 | Lair:4   | XOM: 3-stop teleportation journey
 13266 | Lair:4   | XOM: god gift: scroll labeled XEISAB INLAHE {god gift}
 13329 | Lair:4   | XOM: summons 6 friendly demons
 13711 | Lair:5   | Reached skill level 10 in Unarmed Combat
 13839 | Lair:5   | XOM: god gift: wand of iceblast (9)
 13913 | Lair:5   | Noticed Tovarisch's ghost (journeyman DsNe)
 13920 | Lair:5   | Killed Tovarisch's ghost
 13943 | Lair:5   | Got a glittering platinum amulet
 14071 | Lair:5   | Noticed a death yak
 14076 | Lair:5   | XOM: 5-stop teleportation journey
 14199 | Lair:5   | Noticed a death yak
 14209 | Lair:5   | Killed a death yak
 14225 | Lair:5   | Reached skill level 11 in Unarmed Combat
 14265 | Lair:5   | Noticed a death yak
 14268 | Lair:5   | Noticed a death yak
 14271 | Lair:5   | XOM: scenery: create altars
 14278 | Lair:5   | Killed a death yak
 14278 | Lair:5   | Killed a death yak
 14281 | Lair:5   | Killed a death yak
 14339 | Lair:5   | Gained mutation: You can translocate small distances at will. [evolution]
 14427 | Lair:5   | Identified the amulet of Elyvilon's Hope {Faith rC+ Slay+2} (You found it on level 5 of the Lair of Beasts)
 14532 | Lair:5   | Found a viscous altar of Jiyva.
 14533 | Lair:5   | Found a staircase to the Slime Pits.
 14611 | Lair:5   | XOM: enchant monster (bad)
 14630 | Lair:5   | XOM: cloud trail
 14707 | Lair:5   | XOM: god gift: battleaxe {god gift}
 14734 | Lair:5   | XOM: harmless Summ miscast
 14797 | Lair:6   | Entered Level 6 of the Lair of Beasts
 14809 | Lair:6   | Reached skill level 12 in Unarmed Combat
 14809 | Lair:6   | XOM: divination: magic mapping
 14829 | Lair:6   | XOM: confuse monster(s)
 14836 | Lair:6   | Gained mutation: A powerful demonic guardian rushes to your aid. [demonic ancestry]
 14836 | Lair:6   | Reached XP level 13. HP: 41/103 MP: 17/17
 14921 | Lair:6   | Found a labyrinth entrance.
 14929 | Lair:6   | XOM: fake destruction
 14930 | Lab      | Entered a labyrinth
 15162 | Lab      | XOM: cloud trail
 15314 | Lab      | Noticed a minotaur
 15325 | Lab      | Killed a minotaur
 15371 | Lair:6   | XOM: cloud trail
 15376 | Lair:6   | Reached skill level 13 in Unarmed Combat
 15415 | Lair:6   | Reached skill level 1 in Dodging
 15445 | Lair:6   | XOM: cast spell 'Metabolic Englaciation'
 15614 | Lair:6   | XOM: polymorph sea snake -> cyclops
 15632 | Lair:6   | XOM: scenery: create altars
 15677 | Lair:6   | XOM: god gift: rapier {god gift}
 15703 | Lair:6   | XOM: enchant monster (good)
 15938 | Lair:6   | XOM: enchant monster (bad)
 15955 | Lair:6   | Identified Cuvuggem's Almanac of Calling and Conjuration
 15974 | Lair:6   | Paralysed by a hornet for 1 turns
 16085 | Lair:6   | XOM: polymorph blink frog -> golden eye
 16110 | Lair:6   | XOM: cast spell 'Call Canine Familiar'
 16472 | D:11     | XOM: divination: detect creatures
 16483 | D:11     | Noticed matakusis's ghost (novice DESu)
 16488 | D:11     | XOM: cleaving
 16491 | D:11     | Found a flickering gateway to a bazaar.
 16491 | D:11     | XOM: 5-stop teleportation journey
 16505 | D:11     | XOM: polymorph cyclops -> manticore
 16566 | D:11     | XOM: harmless Conj miscast
 16612 | D:11     | Noticed Gastronok
 16625 | D:11     | Killed Gastronok
 16625 | D:11     | Reached skill level 5 in Dodging
 16642 | D:11     | Found a portal to a secret trove of treasure.
 16739 | Bazaar   | Entered a bazaar
 16752 | Bazaar   | Found Buidiuvi's Book Shoppe.
 16782 | Bazaar   | Found Pyffarec's Jewellery Shoppe.
 16820 | Bazaar   | Found Assekys's Gadget Boutique.
 16850 | Bazaar   | Found Kutunoit's Jewellery Shoppe.
 16996 | Bazaar   | Bought an uncursed ring of wizardry for 360 gold pieces
 17018 | D:11     | XOM: smoke on damage
 17019 | D:11     | XOM: noise
 17086 | D:11     | XOM: enchant monster (good)
 17092 | D:11     | XOM: swap monsters
 17093 | D:11     | XOM: enchant monster (bad)
 17097 | D:11     | XOM: swap monsters
 17098 | D:11     | XOM: polymorph yak -> raiju
 17126 | D:11     | XOM: fake destruction
 17131 | D:11     | Killed matakusis's ghost
 17224 | D:11     | XOM: cloud trail
 17261 | D:11     | XOM: summons 12 friendly demons
 17270 | D:11     | Reached skill level 14 in Unarmed Combat
 17301 | D:11     | XOM: harmless Tmut miscast
 17392 | D:11     | XOM: harmless Chrm miscast
 17401 | D:11     | Lost mutation: Your flesh is cold resistant. (rC+) [evolution]
 17660 | D:12     | Found a shadowy altar of Dithmenos.
 17684 | D:12     | Noticed Psyche
 17685 | D:12     | XOM: 4-stop teleportation journey
 17718 | D:12     | XOM: harmless Air miscast
 17752 | D:12     | Reached XP level 14. HP: 97/110 MP: 18/18
 18004 | D:12     | Noticed Sonja
 18008 | D:12     | XOM: harmless Erth miscast
 18019 | D:12     | XOM: stat loss: -1 Dex (11/12)
 18020 | D:12     | Killed Sonja
 18131 | D:12     | Found Pihumypu's Gadget Boutique.
 18164 | D:12     | XOM: harmless Chrm miscast
 18381 | D:13     | XOM: 1-stop teleportation journey
 18413 | D:13     | XOM: cleaving
 18420 | D:13     | XOM: give mutation
 18420 | D:13     | Lost mutation: You possess an exceptional clarity of mind. [Xom's mischief]
 18468 | D:13     | Found a gate to the Vaults.
 18478 | D:13     | XOM: confusion
 18480 | D:13     | XOM: 1-stop teleportation journey
 18481 | D:13     | XOM: swap monsters
 18489 | D:13     | XOM: polymorph Executioner -> Brimstone Fiend
 18493 | D:13     | XOM: summons 1 hostile demon
 18499 | D:13     | XOM: harmless Fire miscast
 19057 | D:13     | XOM: 4-stop teleportation journey
 19137 | D:13     | XOM: mild Pois miscast
 19169 | D:13     | XOM: divination: magic mapping
 19303 | D:13     | XOM: harmless Tmut miscast
 19342 | D:13     | Found a burning altar of Makhleb.
 19499 | D:13     | XOM: harmless Conj miscast
 19596 | D:14     | XOM: cast spell 'Summon Butterflies'
 19670 | D:14     | Reached skill level 1 in Shields
 19693 | D:14     | Reached skill level 15 in Unarmed Combat
 19698 | D:14     | XOM: scenery: create altars
 19705 | D:14     | XOM: cleaving
 19800 | D:14     | XOM: summons 3 friendly demons
 19890 | D:14     | XOM: divination: magic mapping
 20006 | D:14     | XOM: summons friendly quasit
 20244 | D:14     | Noticed Snorg
 20263 | D:14     | Killed Snorg
 20315 | D:14     | XOM: noise
 20324 | D:14     | XOM: divination: detect creatures
 20518 | D:13     | XOM: enchant monster (good)
 20520 | D:13     | XOM: polymorph cyclops -> salamander
 20561 | D:13     | Noticed a tengu reaver
 20565 | D:13     | Noticed a sphinx
 20567 | D:13     | XOM: enchant monster (good)
 20569 | D:13     | Noticed a frost giant
 20569 | D:13     | a tengu reaver changed into a frost giant
 20569 | D:13     | XOM: polymorph tengu reaver -> frost giant
 20573 | D:13     | XOM: enchant monster (good)
 20582 | D:13     | Killed a frost giant
 20582 | D:13     | Reached skill level 5 in Shields
 20587 | D:13     | Reached XP level 15. HP: 96/115 MP: 19/19
 20589 | D:13     | XOM: cast spell 'Death Channel'
 20594 | D:13     | Killed a sphinx
 20625 | D:13     | Identified a scroll of acquirement
 20690 | D:15     | Entered Level 15 of the Dungeon
 20693 | D:15     | XOM: potion effect (invisibility)
 20731 | D:15     | XOM: 2-stop teleportation journey
 20870 | D:15     | XOM: enchant monster (bad)
 20879 | D:15     | XOM: mild Tloc miscast
 20936 | D:15     | XOM: harmless Tloc miscast
 21002 | D:15     | XOM: harmless Chrm miscast
 21120 | D:15     | XOM is BORED!
 21120 | D:15     | XOM: medium Conj miscast
 21214 | D:15     | XOM: harmless Necr miscast
 21241 | D:15     | XOM: potion effect (heal wounds)
 21310 | D:15     | Reached skill level 16 in Unarmed Combat
 21335 | D:15     | XOM: harmless Chrm miscast
 21366 | D:15     | XOM: scenery: create altars
 21530 | D:15     | XOM: give mutations
 21530 | D:15     | Gained mutation: Your mind is acute. (Int +2) [Xom's grace]
 21530 | D:15     | Gained mutation: Your mind is very acute. (Int +4) [Xom's grace]
 21530 | D:15     | Gained mutation: Your muscles are strong. (Str +2) [Xom's grace]
 21530 | D:15     | Gained mutation: Your flesh is cold resistant. (rC+) [Xom's grace]
 21594 | D:15     | Found a staircase to the Depths.
 21628 | D:15     | Got a pair of twisted boots
 21634 | D:15     | Identified the -4 pair of boots "Sieschem" {rN+ Regen+ Dex-4 Stlth+} (You acquired it on level 15 of the Dungeon)
 21779 | D:15     | XOM: god gift: twisted smoking staff {god gift}
 21892 | Orc:1    | Entered Level 1 of the Orcish Mines
 22059 | Orc:2    | Entered Level 2 of the Orcish Mines
 22082 | Orc:1    | Noticed Nergalle
 22094 | Orc:1    | Killed Nergalle
 22161 | Orc:1    | Found Jym Unuo's General Store.
 22282 | Orc:1    | Bought a potion of mutation for 96 gold pieces
 22300 | Orc:1    | XOM: potion effect (berserk rage)
 22301 | Orc:1    | XOM: potion effect (invisibility)
 22303 | Orc:1    | Noticed an orc warlord
 22383 | Orc:1    | Paralysed by an orc sorcerer for 3 turns
 22405 | Orc:1    | Killed an orc warlord
 22548 | Orc:1    | Gained mutation: Your muscles are very strong. (Str +4) [evolution]
 22630 | Orc:2    | Noticed Erolcha
 22630 | Orc:2    | XOM: confuse monster(s)
 22633 | Orc:2    | Killed Erolcha
 22748 | Orc:2    | Found a radiant altar of Vehumet.
 22896 | Orc:2    | Found a staircase to the Elven Halls.
 23212 | Orc:2    | XOM: silly message
 23255 | Orc:2    | XOM: confuse monster(s)
 23260 | Orc:2    | Found Pumith's Jewellery Shoppe.
 23260 | Orc:2    | Found Feof Kuatwoh's Book Shoppe.
 23261 | Orc:2    | XOM: blink monster(s)
 23263 | Orc:2    | XOM: blink monster(s)
 23266 | Orc:2    | XOM: cast spell 'Alistair's Intoxication'
 23451 | Orc:2    | XOM: enchant monster (good)
 23681 | Orc:2    | Found Zegutz's Weapon Shop.
 23684 | Orc:2    | Found Kiewkilu's Jewellery Shop.
 23718 | Orc:2    | Bought a +5 amulet of reflection for 494 gold pieces
 23724 | Orc:2    | Bought a book of Necromancy for 420 gold pieces
 23728 | Orc:2    | Learned a level 3 spell: Regeneration
 23735 | Orc:2    | Learned a level 6 spell: Statue Form
 23995 | Swamp:1  | Entered Level 1 of the Swamp
 24030 | Swamp:1  | Noticed Roxanne
 24055 | Swamp:1  | Killed Roxanne
 24061 | Swamp:1  | Noticed Louise
 24061 | Swamp:1  | Identified Roxanne's Disquisition on Transmigration (You took it off Roxanne on level 1 of the Swamp)
 24077 | Swamp:1  | Killed Louise
 24077 | Swamp:1  | Reached skill level 1 in Earth Magic
 24105 | Swamp:1  | XOM: harmless Necr miscast
 24114 | Swamp:1  | Reached skill level 1 in Transmutations
 24321 | Swamp:1  | XOM: enchant monster (bad)
 24373 | Swamp:1  | XOM: destruction
 24618 | Swamp:1  | XOM: noise
 24619 | Swamp:1  | XOM: chaos cloud
 24622 | Swamp:1  | XOM: enchant monster (bad)
 24879 | Swamp:2  | XOM: swap monsters
 24886 | Swamp:2  | Gained mutation: You resist negative energy. (rN+) [demonic ancestry]
 24886 | Swamp:2  | Reached XP level 16. HP: 96/122 MP: 20/20
 24962 | Swamp:2  | XOM: potion effect (agility)
 24973 | Swamp:2  | XOM: smoke on damage
 25039 | Swamp:2  | XOM: swap monsters
 25178 | Swamp:2  | Noticed Donald
 25183 | Swamp:2  | Killed Donald
 25227 | Swamp:2  | XOM: mild Pois miscast
 25342 | Swamp:2  | XOM: divination: detect creatures
 25525 | Swamp:2  | Reached skill level 17 in Unarmed Combat
 25615 | Swamp:2  | Noticed a tentacled monstrosity
 25619 | Swamp:2  | Killed a tentacled monstrosity
 25711 | Swamp:2  | XOM: harmless Tloc miscast
 25759 | Swamp:2  | XOM: harmless Pois miscast
 25834 | Swamp:3  | XOM: severe Conj miscast
 25933 | Swamp:3  | XOM: divine lightning
 26213 | Swamp:3  | XOM: divination: detect creatures
 26227 | Swamp:3  | XOM: confuse monster(s)
 26232 | Swamp:3  | XOM: 1-stop teleportation journey
 26313 | Swamp:3  | Gained mutation: You are robust. (+10% HP) [evolution]
 26696 | Swamp:3  | Noticed a thorn hunter
 26699 | Swamp:3  | XOM: summons 3 friendly demons
 26707 | Swamp:3  | Killed a thorn hunter
 26758 | Swamp:3  | XOM: cloud trail
 26898 | Swamp:3  | XOM: cloud trail
 26949 | Swamp:4  | Entered Level 4 of the Swamp
 26955 | Swamp:4  | XOM: fog
 26996 | Swamp:4  | Reached skill level 10 in Shields
 27128 | Swamp:4  | XOM: scenery: create altars
 27193 | Swamp:4  | Noticed the 27-headed Lernaean hydra
 27246 | Swamp:4  | XOM: cloud trail
 27534 | Swamp:4  | XOM: divine lightning
 27569 | Swamp:4  | XOM: confuse monster(s)
 27927 | Swamp:4  | Killed the 27-headed Lernaean hydra
 27971 | Swamp:4  | XOM: silly message
 28086 | Swamp:4  | XOM: summons friendly neqoxec
 28166 | Swamp:4  | Got a decaying rune of Zot
 28238 | Swamp:4  | XOM: god gift: 52 gold pieces
 28492 | Swamp:4  | XOM: give mutation
 28492 | Swamp:4  | Gained mutation: Your spells are a little harder to cast, but a little more powerful. [Xom's grace]
 28495 | Swamp:4  | XOM: give mutations
 28495 | Swamp:4  | Gained mutation: You passively map a large area around you. [Xom's grace]
 28495 | Swamp:4  | Gained mutation: You have hoof-like feet. [Xom's grace]
 28495 | Swamp:4  | Gained mutation: You are agile. (Dex +2) [Xom's grace]
 28495 | Swamp:4  | Gained mutation: You are very agile. (Dex +4) [Xom's grace]
 28511 | Swamp:4  | Gained mutation: Your system is resistant to poisons. (rPois) [evolution]
 28738 | Swamp:1  | XOM: give mutations
 28738 | Swamp:1  | Gained mutation: You are resistant to hostile enchantments. (MR+) [Xom's grace]
 28738 | Swamp:1  | Gained mutation: You have hooves in place of feet. [Xom's grace]
 28828 | Snake:1  | Entered Level 1 of the Snake Pit
 28840 | Snake:1  | Noticed Aizul
 28849 | Snake:1  | XOM: divination: magic mapping
 28851 | Snake:1  | Killed Aizul
 28922 | Snake:1  | XOM is BORED!
 28922 | Snake:1  | XOM: mild Necr miscast
 28927 | Snake:1  | XOM: cast spell 'Leda's Liquefaction'
 28933 | Snake:1  | XOM: enchant monster (bad)
 28977 | Snake:1  | XOM: confuse monster(s)
 29026 | Snake:1  | XOM: harmless Necr miscast
 29053 | Snake:1  | Identified Tavegu's Disquisition on Displacement
 29077 | Snake:1  | XOM: fake destruction
 29082 | Snake:1  | XOM: summons friendly ufetubus
 29266 | Snake:1  | Found Vehoikiez's Jewellery Emporium.
 29266 | Snake:1  | Found Guysump's Gadget Boutique.
 29267 | Snake:1  | Found Haroll's Gadget Boutique.
 29280 | Snake:1  | Bought a wand of iceblast (12) for 288 gold pieces
 29303 | Snake:2  | XOM: cast spell 'Summon Small Mammal'
 29313 | Snake:2  | XOM: snakes to sticks
 29336 | Snake:2  | Reached XP level 17. HP: 86/140 MP: 21/21
 29345 | Snake:2  | XOM: divine lightning
 29407 | Snake:2  | XOM: stat loss: -1 Dex (15/16)
 29645 | Snake:2  | Reached skill level 5 in Earth Magic
 29691 | Snake:2  | XOM: 2-stop teleportation journey
 29772 | Snake:2  | Reached skill level 5 in Transmutations
 29846 | Snake:2  | XOM: enchant monster (good)
 30246 | Snake:3  | Found a burning altar of Makhleb.
 30260 | Snake:3  | Noticed Kirke
 30387 | Snake:3  | Noticed Kirke
 30387 | Snake:3  | Kirke changed into Kirke the shadow dragon
 30387 | Snake:3  | XOM: polymorph Kirke -> Kirke the shadow dragon
 30403 | Snake:3  | Killed Kirke the shadow dragon
 30491 | Snake:3  | Found Kusmenipt's Jewellery Shop.
 30525 | Snake:3  | XOM: medium Tloc miscast
 30527 | Snake:3  | Found a burning altar of Makhleb.
 30562 | Snake:3  | XOM: divination: detect items
 30564 | Snake:3  | XOM: repel stairs
 30585 | Snake:3  | XOM: enchant monster (bad)
 30593 | Snake:3  | Reached skill level 18 in Unarmed Combat
 30759 | Snake:3  | XOM: medium Ice miscast
 30809 | Snake:3  | XOM: stat loss: -1 Dex (15/16)
 30882 | Snake:3  | XOM: noise
 30891 | Snake:3  | XOM: polymorph anaconda -> fire dragon
 30898 | Snake:3  | XOM: chaos upgrade
 31010 | Snake:3  | XOM: harmless Tloc miscast
 31027 | Snake:4  | Entered Level 4 of the Snake Pit
 31028 | Snake:4  | XOM: blink monster(s)
 31096 | Snake:3  | XOM: silly message
 31371 | Snake:4  | XOM: noise
 31579 | Snake:4  | XOM: blink monster(s)
 31615 | Snake:4  | XOM: divination: magic mapping
 31626 | Snake:4  | XOM: enchant monster (good)
 31640 | Snake:4  | Found Zinyh's Assorted Antiques.
 31842 | Snake:4  | XOM: confuse monster(s)
 32189 | Snake:4  | XOM: summons friendly shadow imp
 32353 | Snake:4  | XOM: destruction
 32463 | Snake:4  | Noticed Vashnia
 32467 | Snake:4  | XOM: enchant monster (good)
 32513 | Snake:4  | Killed Vashnia
 32798 | Snake:4  | XOM: summons friendly crimson imp
 32834 | Snake:4  | XOM: noise
 32845 | Snake:4  | XOM: destruction
 32911 | Snake:3  | XOM: cloud trail
 33192 | Snake:4  | XOM: god gift: wand of disintegration (8)
 33239 | Snake:4  | Reached XP level 18. HP: 106/147 MP: 22/22
 33252 | Snake:4  | XOM: polymorph naga warrior -> floating eye
 33258 | Snake:4  | XOM: scenery: create altars
 33278 | Snake:4  | XOM: god gift: scroll of teleportation
 33292 | Snake:4  | XOM: summons 12 friendly demons
 33301 | Snake:4  | XOM: smoke on damage
 33326 | Snake:4  | XOM: divination: magic mapping
 33329 | Snake:4  | XOM: destruction
 33725 | Snake:4  | Got a serpentine rune of Zot
 33749 | Snake:4  | XOM: god gift: 53 gold pieces
 34049 | Vaults:1 | Entered Level 1 of the Vaults
 34104 | Vaults:1 | XOM: divination: magic mapping
 34336 | Vaults:1 | XOM: divination: detect items
 34437 | Vaults:1 | XOM: summons friendly crimson imp
 34440 | Vaults:1 | XOM: give mutation
 34440 | Vaults:1 | Gained mutation: You rapidly evolve. [Xom's grace]
 34513 | Vaults:1 | XOM: cleaving
 34526 | Vaults:1 | XOM: divination: detect creatures
 34840 | Vaults:1 | XOM: fog
 34844 | Vaults:1 | Gained mutation: You have a beak for a mouth. [evolution]
 35019 | Vaults:1 | XOM: noise
 35144 | Vaults:1 | Found Teohin's Antique Weapon Emporium.
 35183 | Vaults:1 | XOM: harmless Summ miscast
 35301 | Vaults:1 | Reached skill level 19 in Unarmed Combat
 35332 | Vaults:1 | Found Soutis's Antique Weapon Emporium.
 35497 | Vaults:1 | XOM: polymorph Executioner -> lorocyproca
 35939 | Vaults:2 | XOM: god gift: knobbly smoking staff {god gift}
 36301 | Vaults:2 | Found Rarilet's Jewellery Emporium.
 36312 | Vaults:2 | Found Hoapraxt's General Store.
 36313 | Vaults:2 | Found Emoikkoz's Gadget Shoppe.
 36321 | Vaults:2 | Bought a scroll of enchant armour for 90 gold pieces
 36489 | Vaults:2 | XOM: scenery: create altars
 36512 | Vaults:2 | Found a staircase to the Crypt.
 36512 | Vaults:2 | Found a basalt altar of Yredelemnul.
 36513 | Vaults:2 | Found an ancient bone altar of Kikubaaqudgha.
 36603 | Vaults:2 | XOM: cleaving
 36898 | Vaults:2 | XOM: polymorph deep elf archer -> lindwurm
 36956 | Vaults:3 | XOM: stealth player
 36961 | Vaults:3 | XOM: noise
 36962 | Vaults:3 | Reached XP level 19. HP: 149/154 MP: 23/23
 36978 | Vaults:3 | XOM: confuse monster(s)
 37134 | Vaults:3 | XOM: give mutation
 37134 | Vaults:3 | Lost mutation: You rapidly evolve. [Xom's grace]
 37134 | Vaults:3 | Lost mutation: You evolve. [Xom's grace]
 37134 | Vaults:3 | Gained mutation: You are somewhat resistant to further mutation. [Xom's grace]
 37177 | Vaults:3 | XOM: summons 13 friendly demons
 37226 | Vaults:3 | XOM: fake destruction
 37355 | Vaults:3 | XOM: polymorph reaper -> balrug
 37357 | Vaults:3 | XOM: give mutations
 37357 | Vaults:3 | Gained mutation: Your flesh is very cold resistant. (rC++) [Xom's grace]
 37357 | Vaults:3 | Gained mutation: Your spells are harder to cast, but more powerful. [Xom's grace]
 37366 | Vaults:3 | XOM: god gift: 27 stones
 37368 | Vaults:3 | XOM: scenery: create altars
 37396 | Vaults:3 | XOM: scenery: 2 doors open
 37398 | Vaults:3 | XOM: god gift: wand of acid (14)
 37687 | Vaults:3 | XOM: cast spell 'Shadow Creatures'
 37688 | Vaults:3 | XOM: cast spell 'Alistair's Intoxication'
 37695 | Vaults:3 | XOM: severe Tloc miscast
 37700 | Vaults:3 | XOM: cast spell 'Alistair's Intoxication'
 37727 | Vaults:3 | XOM: enchant monster (bad)
 37756 | Vaults:3 | Gained mutation: Scrolls take you a little longer to read. [mutagenic glow]
 37939 | Vaults:3 | XOM: scenery: 1 doors close
 38012 | Vaults:3 | XOM: divination: detect creatures
 38283 | Vaults:3 | XOM: god gift: 28 gold pieces
 38432 | Vaults:3 | XOM: divination: magic mapping
 38433 | Vaults:3 | XOM: silly message
 38434 | Vaults:3 | XOM: noise
 38489 | Vaults:3 | XOM: god gift: blackened fustibalus {god gift}
 38507 | Vaults:3 | XOM: god gift: plate armour {god gift}
 38613 | Vaults:3 | XOM: enchant monster (bad)
 38631 | Vaults:3 | Reached skill level 15 in Shields
 38835 | Vaults:3 | XOM: enchant monster (good)
 38922 | Vaults:3 | XOM: summons 7 friendly demons
 38932 | Vaults:3 | XOM: polymorph shadow imp -> crimson imp
 39078 | Vaults:4 | XOM: polymorph ironheart preserver -> ironheart preserver
 39083 | Vaults:4 | XOM: summons 7 friendly demons
 39212 | Vaults:4 | XOM: destruction
 39231 | Vaults:4 | XOM: mild Ice miscast
 39510 | Vaults:4 | XOM: divination: detect items
 39657 | Vaults:4 | XOM: divine lightning
 40028 | Vaults:4 | Reached skill level 10 in Earth Magic
 40033 | Vaults:4 | Reached skill level 10 in Transmutations
 40101 | Vaults:4 | XOM: confuse monster(s)
 40179 | Vaults:4 | XOM: cast spell 'Monstrous Menagerie'
 40275 | Vaults:4 | XOM: confuse monster(s)
 40475 | Vaults:4 | Noticed Mennas
 40481 | Vaults:4 | XOM: potion effect (might)
 40505 | Vaults:4 | Killed Mennas
 40505 | Vaults:4 | Gained mutation: You are somewhat able to resist unholy torments (1 in 2 success). [demonic ancestry]
 40505 | Vaults:4 | Reached XP level 20. HP: 152/161 MP: 24/24
 40591 | Vaults:4 | Noticed Jory
 40591 | Vaults:4 | XOM: potion effect (curing)
 40609 | Vaults:4 | Killed Jory
 41113 | Vaults:4 | XOM: confuse monster(s)
 41382 | Crypt:1  | Entered Level 1 of the Crypt
 41418 | Crypt:1  | XOM: summons friendly crimson imp
 41428 | Crypt:1  | XOM: polymorph crimson imp -> white imp
 41619 | Crypt:1  | XOM: give mutations
 41619 | Crypt:1  | Gained mutation: You possess an exceptional clarity of mind. [Xom's grace]
 41619 | Crypt:1  | Gained mutation: You are covered in fur. (AC +1) [Xom's grace]
 41623 | Crypt:1  | XOM: 3-stop teleportation journey
 41632 | Crypt:1  | XOM: cleaving
 41654 | Crypt:1  | XOM: summons 3 friendly demons
 41727 | Crypt:1  | XOM: 1-stop teleportation journey
 41751 | Crypt:1  | XOM: confuse monster(s)
 41871 | Crypt:1  | XOM: noise
 41910 | Crypt:1  | Reached skill level 1 in Spellcasting
 42006 | Crypt:1  | XOM: 8-stop teleportation journey
 42016 | Crypt:1  | XOM: swap monsters
 42191 | Crypt:1  | XOM is BORED!
 42287 | Crypt:1  | XOM: harmless Chrm miscast
 42292 | Crypt:1  | XOM: summons 10 hostile demons
 42427 | Crypt:2  | XOM: fog
 42433 | Crypt:2  | XOM: blink monster(s)
 42439 | Crypt:2  | XOM: summons 2 hostile demons
 42454 | Crypt:2  | XOM: give mutations
 42454 | Crypt:2  | Lost mutation: You are robust. (+10% HP) [Xom's mischief]
 42454 | Crypt:2  | Lost mutation: Your mind is very acute. (Int +4) [Xom's mischief]
 42518 | Crypt:2  | XOM: divination: magic mapping
 42535 | Crypt:2  | XOM: fake destruction
 42624 | Crypt:2  | XOM: scenery: create altars
 42752 | Crypt:2  | XOM: summons 16 friendly demons
 42753 | Crypt:2  | XOM: scenery: 3 doors open, 2 doors close
 42867 | Crypt:2  | XOM: medium Necr miscast
 42901 | Crypt:2  | XOM: medium Ice miscast
 43012 | Crypt:2  | XOM: mild Fire miscast
 43133 | Crypt:2  | XOM: destruction
 43355 | Crypt:3  | Entered Level 3 of the Crypt
 43383 | Crypt:3  | XOM: enchant monster (bad)
 43556 | Crypt:3  | XOM: noise
 43792 | Crypt:3  | XOM: 11-stop teleportation journey
 43793 | Crypt:3  | Noticed a bone dragon
 43810 | Crypt:3  | Killed a bone dragon
 43855 | Crypt:3  | XOM: give mutations
 43855 | Crypt:3  | Lost mutation: You have hooves in place of feet. [Xom's mischief]
 43855 | Crypt:3  | Lost mutation: Your spells are harder to cast, but more powerful. [Xom's mischief]
 43855 | Crypt:3  | Lost mutation: You can translocate small distances at will. [Xom's mischief]
 43855 | Crypt:3  | Lost mutation: You are resistant to hostile enchantments. (MR+) [Xom's mischief]
 43867 | Crypt:3  | XOM: smoke on damage
 43895 | Crypt:3  | XOM: cast spell 'Summon Horrible Things'
 44364 | Crypt:3  | Noticed an ancient lich
 44372 | Crypt:3  | Killed an ancient lich
 44372 | Crypt:3  | Reached skill level 5 in Spellcasting
 44423 | Crypt:3  | XOM: confuse monster(s)
 44449 | Crypt:3  | Got a wavering platinum ring
 44551 | Crypt:3  | Identified the ring "Xuot Byo" {rN+ Dex+6} (You took it off a necromancer on level 3 of the Crypt)
 44666 | Crypt:3  | XOM: confuse monster(s)
 44725 | Crypt:3  | XOM: scenery: 2 doors close
 44841 | Crypt:3  | Reached XP level 21. HP: 112/153 MP: 28/28
 45291 | Crypt:3  | XOM: smoke on damage
 45311 | Crypt:3  | Found an ancient bone altar of Kikubaaqudgha.
 45355 | Crypt:3  | Got a transparent turquoise ring
 45443 | Crypt:3  | Identified the ring "Todat" {+Blink rN+ Int+2} (You took it off a vampire knight on level 3 of the Crypt)
 45505 | Crypt:3  | Found a staircase to the Tomb.
 45714 | Crypt:1  | XOM: harmless Conj miscast
 45918 | Depths:1 | Entered Level 1 of the Depths
 46116 | Depths:1 | Found a one-way gate to the infinite horrors of the Abyss.
 46401 | Depths:1 | XOM: swap monsters
 46412 | Depths:1 | XOM: cast spell 'Statue Form'
 46671 | Depths:1 | Found a gateway to Hell.
 46898 | Depths:1 | XOM: enchant monster (bad)
 47263 | Depths:1 | XOM: harmless Ice miscast
 47363 | Depths:2 | XOM: chaos cloud
 47367 | Depths:2 | XOM: scenery: create altars
 47550 | Depths:1 | XOM: blink monster(s)
 47557 | Depths:1 | XOM: give mutations
 47557 | Depths:1 | Lost mutation: Your muscles are very strong. (Str +4) [Xom's mischief]
 47557 | Depths:1 | Lost mutation: Your flesh is heat resistant. (rF+) [Xom's mischief]
 47665 | Depths:1 | XOM: scenery: create altars
 47752 | Depths:2 | XOM: fog
 47897 | Depths:2 | XOM: summons friendly red devil
 47957 | Depths:2 | XOM: enchant monster (good)
 48056 | Depths:2 | Noticed a caustic shrike
 48068 | Depths:2 | XOM: cloud trail
 48072 | Depths:2 | XOM: scenery: create altars
 48073 | Depths:2 | XOM: enchant monster (good)
 48075 | Depths:2 | XOM: fog
 48082 | Depths:2 | XOM: fake destruction
 48179 | Depths:2 | XOM: god gift: scale mail {god gift}
 48226 | Depths:2 | Killed a caustic shrike
 48368 | Depths:1 | XOM: god gift: potion of ambrosia
 48443 | Depths:2 | Found a one-way gate leading to the halls of Pandemonium.
 48443 | Depths:2 | XOM: 3-stop teleportation journey
 48476 | Depths:2 | XOM: fog
 48605 | Depths:2 | XOM: confuse monster(s)
 48776 | Depths:2 | Noticed a golden dragon
 48787 | Depths:2 | Killed a golden dragon
 48801 | Depths:2 | Noticed a caustic shrike
 48811 | Depths:2 | Killed a caustic shrike
 49008 | Depths:2 | Found Kajoibbu's Antique Armour Boutique.
 49076 | Depths:2 | XOM: cloud trail
 49158 | Depths:3 | XOM: destruction
 49162 | Depths:3 | XOM: cleaving
 49393 | Depths:3 | XOM: cleaving
 49447 | Depths:3 | XOM: mild Tmut miscast
 49452 | Depths:3 | Gained mutation: You are powered by pain. [demonic ancestry]
 49452 | Depths:3 | Reached XP level 22. HP: 159/159 MP: 29/29
 49614 | D:15     | XOM: summons 4 hostile shadow creatures
 50256 | D:12     | XOM: harmless Erth miscast
 50354 | Depths:2 | XOM: severe Necr miscast
 50400 | Depths:3 | XOM: chaos cloud
 50434 | Depths:3 | XOM: chaos cloud
 50450 | Depths:3 | XOM: severe Necr miscast
 50488 | Depths:3 | XOM: polymorph glowing orange brain -> satyr
 50577 | Depths:3 | XOM: summons 2 friendly demons
 50578 | Depths:3 | XOM: swap monsters
 50579 | Depths:3 | XOM: summons friendly iron imp
 50586 | Depths:3 | XOM: divination: magic mapping
 50878 | Depths:2 | XOM: mild Conj miscast
 50980 | Depths:3 | Noticed a caustic shrike
 50989 | Depths:3 | Killed a caustic shrike
 51010 | Depths:3 | XOM: scenery: create altars
 51023 | Depths:3 | Killed from afar by a deep troll earth mage

Vault maps used:
D:1:      ldierk_walled_garden_2, minmay_rat_gold_closets
D:2:      first_ration
D:3:      lemuel_upstairs_altar, kennysheep_decorative_pillar
D:4:      lightli_temple_of_fire, nicolae_ru_the_path_less_chosen,
          xom_butterflies, serial_shops, shop
D:5:      grunt_temple_overflow_lords_of_destruction,
          minmay_temple_entry_junction, nemelex_lonely_heart_becter,
          uniq_menkaure, uniq_duvessa
D:6:      nicolae_ossuary_entry_plus
D:7:      nicolae_qazlal_style_of_elements
D:8:      zin_treasury, lemuel_zombie_altar_yredelemnul, lemuel_crystal_altar,
          the_bakery, eino_small_chamber_without_monster
D:9:      david_lair_shrubbed
D:10:     erik_orc_3, uniq_urug, uniq_erica
D:11:     serial_shops, bzr_entry_lakeside, enter_trove_3, uniq_gastronok
D:12:     serial_shops, nicolae_shop_behind_doors, grunt_dithmenos_smoke,
          uniq_sonja, uniq_psyche
D:13:     minmay_connected_triangles_in_corner,
          lightli_vaults_fourway_checkpoint, basic_altar
D:14:     solitary_fountain, glass_columns_b, minivault_20, uniq_snorg
D:15:     hangedman_depths_entry_try_elsewhere_first,
          hangedman_abyss_or_decor_passed
Lair:2:   minmay_snake_entry_six_corridors, forest_entry_grove,
          minmay_lair_oklob_chamber
Lair:3:   minmay_swamp_entry_wisps, nicolae_volcano_entry_lava_flow
Lair:4:   tgw_fedhas, uniq_josephine, uniq_rupert
Lair:5:   dpeg_slime_entry_enclosed_altar, serial_bayou_shore_b
Lair:6:   gammafunk_lair_ancient_temple, lab_entry_generic
Swamp:1:  nicolae_swamp_round_clearing, uniq_roxanne, uniq_louise
Swamp:2:  serial_swamp_ruin, evilmike_swamp_ruin_rubble_1,
          evilmike_swamp_ruin_house_4, uniq_donald
Swamp:3:  infiniplex_staircase_pool_2, swamp_pool3
Swamp:4:  swamp_old_school
Snake:1:  minmay_shop_grove, uniq_aizul
Snake:2:  grunt_megastairs_3
Snake:3:  serial_shops, shop_statue, hangedman_feature_mirror, uniq_kirke
Snake:4:  grunt_snake_rune_serpentine_throne, serial_shops,
          nicolae_shop_overgrown_old_shop, st_stairs_14, serial_bayou_shore_b,
          uniq_vashnia
Orc:1:    serial_shops, nicolae_shop_temple_entry_statues_fountains,
          elf_legates, uniq_nergalle
Orc:2:    st_orc_elflike, basic_altar, uniq_erolcha
Vaults:1: nicolae_vaults_asterisk, nicolae_vaults_meeting, vaults_room_pools,
          grunt_vaults_twisty, nicolae_vaults_circle_grid_a,
          vaults_room_grunt_arrival_checkpoint, nicolae_vaults_asterisk,
          v_misc_11, vaults_dpeg_diagonal, serial_shops, shop, shop
Vaults:2: nicolae_vaults_little_squares_2, v_rooms_3,
          minmay_crypt_entry_necro_gods, ontoclasm_vaults_chip,
          nicolae_vaults_network_star, v_misc_27, v_misc_22, v_alt_pattern_1,
          nicolae_vaults_circle_grid_b, ontoclasm_vaults_claustrophobia,
          st_lines, v_misc_32, serial_shops, nicolae_shop_statue_plus, shop,
          shop
Vaults:3: v_alt_pattern_4, vaults_mumra_hexcomb, hangedman_vaults_unwind,
          vaults_standard_mumra_lines, v_pattern_3, v_misc_12,
          nicolae_vaults_network_periphery, vaults_mumra_lcd,
          ontoclasm_vaults_ring_small, ontoclasm_vaults_decontamination
Vaults:4: stair_cage_open, v_misc_12, v_misc_3,
          nicolae_vaults_bisected_exclaves, grunt_vaults_focal, uniq_mennas,
          uniq_jory
Crypt:1:  grunt_crypt_arrival_webbed, grunt_megastairs_4
Crypt:3:  cryptofortress_bobbens
Depths:1: nicolae_abyss_entry_one_way_or_another, hell_entry,
          grunt_decor_mini_mirrors, statue_in_the_mist_lemuel,
          solitary_fountain, kennysheep_generic_room_16
Depths:2: hangedman_cross_cluster, rand_demon_pan_entry_8,
          hangedman_decor_clover_reticule, hell_entry, serial_shops,
          kennysheep_mini
Depths:3: box_level_dp, hell_entry, pan_entry, abyss_entry
Lab:      labyrinth_mini_lab
Bazaar:   bazaar_minmay_generic_d
Ossuary:  ossuary_minmay_chase
Volcano:  volcano_grotto

Skill      XL: |  1  2  3  4  5  6  7  8  9 10 11 12 13 14 15 16 17 18 19 20 21 22 |
---------------+-------------------------------------------------------------------+-----
Fighting       | 4 5 6 8 9 10 | 10.4
Armour         | 6 10 12 | 12.4
Evocations     | 2 6 |  6.0
Unarmed Combat | 7 12 14 15 16 17 18 19 | 19.0
Dodging        | 6 8 |  8.3
Shields        | 5 9 10 12 14 15 17 18 | 18.1
Earth Magic    | 1 4 6 8 10 11 13 | 13.5
Transmutations | 1 4 6 8 10 11 13 | 13.4
Spellcasting   | 5 |  5.0
Axes           | |  2.6

Action                   |  1- 3 |  4- 6 |  7- 9 | 10-12 | 13-15 | 16-18 | 19-21 | 22-24 || total
-------------------------+-------+-------+-------+-------+-------+-------+-------+-------++-------
Melee: Hand axe          |    67 |   158 |   446 |   246 |       |       |       |       ||   917
       Kick              |       |       |    74 |   256 |   336 |   551 |   757 |    40 ||  2014
       Unarmed           |       |       |       |   425 |  1132 |  1526 |  1663 |   111 ||  4857
       Scimitar          |       |       |       |     9 |       |       |       |       ||     9
       Punch             |       |       |       |    15 |    37 |       |       |       ||    52
       Peck              |       |       |       |       |       |    49 |   455 |    24 ||   528
Throw: Tomahawk          |       |     4 |       |       |       |       |       |       ||     4
 Cast: Statue Form       |       |       |       |       |       |       |    16 |     8 ||    24
 Abil: Blink             |       |       |       |       |       |     6 |       |       ||     6
Evoke: Wand              |       |     5 |    28 |    32 |    32 |    94 |    11 |     1 ||   203
       Phantom mirror    |       |       |       |       |       |     1 |       |       ||     1
       Sack of spiders   |       |       |       |       |       |     1 |     1 |       ||     2
  Use: Scroll            |     6 |     4 |     3 |    11 |     9 |    17 |     7 |       ||    57
       Potion            |     1 |       |     2 |     7 |     4 |     7 |     7 |       ||    28
 Stab: Invisible         |     2 |       |       |     1 |     3 |       |       |       ||     6
       Paralysed         |       |     2 |     8 |     5 |       |       |       |       ||    15
       Sleeping          |       |     1 |       |       |       |       |     1 |       ||     2
       Petrified         |       |     2 |       |       |     2 |       |     5 |     1 ||    10
       Petrifying        |       |     1 |       |     1 |       |       |     1 |       ||     3
       Distracted        |       |       |     2 |     6 |     2 |     9 |     8 |       ||    27
       Confused          |       |       |     3 |     3 |       |     4 |     7 |       ||    17
  Eat: Chunk             |     2 |     6 |    14 |    20 |    27 |    24 |    21 |     3 ||   117
       Ration            |       |       |       |     1 |     3 |     5 |     8 |     2 ||    19
Armor: Leather armour    |    33 |    53 |       |       |       |       |       |       ||    86
       Chain mail        |       |    40 |   115 |       |       |       |       |       ||   155
       Plate armour      |       |       |   274 |   621 |   670 |   603 |   423 |       ||  2591
       Skin              |       |       |       |       |       |       |    44 |    57 ||   101
Dodge: Dodged            |    65 |    89 |   139 |   253 |   382 |   405 |   422 |    91 ||  1846
Block: Shield            |       |       |       |       |   238 |  1168 |  1257 |   159 ||  2822
       Other             |       |       |       |       |     1 |       |       |       ||     1
       Reflection        |       |       |       |       |       |    84 |    93 |    20 ||   197
       Rpst.: Scimitar   |       |       |       |     2 |       |       |       |       ||     2

Table legend:
 A = Spawn XP
 B = Non-spawn XP
 C = Spawn XP percentage of total XP
 D = Spawn monster count
 E = Non-spawn monster count
 F = Spawn count percentage of total count
 G = Total turns spent on level
                    A         B        C        D         E        F      G
               +---------+---------+-------+---------+---------+-------+---------
         Total |       0 |  733624 |   0.0 |       0 |    1671 |   0.0 | 51023
               +---------+---------+-------+---------+---------+-------+---------
           D:1 |       0 |      14 |   0.0 |       0 |      11 |   0.0 |   449
           D:2 |       0 |      50 |   0.0 |       0 |      13 |   0.0 |  1042
           D:3 |       0 |     176 |   0.0 |       0 |      33 |   0.0 |  1106
           D:4 |       0 |     348 |   0.0 |       0 |      23 |   0.0 |  1148
           D:5 |       0 |     795 |   0.0 |       0 |      23 |   0.0 |  1136
           D:6 |       0 |     536 |   0.0 |       0 |      12 |   0.0 |   490
           D:7 |       0 |     651 |   0.0 |       0 |      24 |   0.0 |   771
           D:8 |       0 |    2112 |   0.0 |       0 |      29 |   0.0 |   791
           D:9 |       0 |    2887 |   0.0 |       0 |      35 |   0.0 |   957
          D:10 |       0 |    2374 |   0.0 |       0 |      30 |   0.0 |  1040
          D:11 |       0 |    8241 |   0.0 |       0 |      35 |   0.0 |  1006
          D:12 |       0 |    5351 |   0.0 |       0 |      19 |   0.0 |   744
          D:13 |       0 |   23569 |   0.0 |       0 |      66 |   0.0 |  1687
          D:14 |       0 |   16070 |   0.0 |       0 |      46 |   0.0 |  1085
          D:15 |       0 |   17248 |   0.0 |       0 |      43 |   0.0 |  1326
        Lair:1 |       0 |    1386 |   0.0 |       0 |       9 |   0.0 |   953
        Lair:2 |       0 |    5475 |   0.0 |       0 |      35 |   0.0 |  2247
        Lair:3 |       0 |    2012 |   0.0 |       0 |      12 |   0.0 |   507
        Lair:4 |       0 |    5285 |   0.0 |       0 |      16 |   0.0 |  1022
        Lair:5 |       0 |    7834 |   0.0 |       0 |      22 |   0.0 |  1129
        Lair:6 |       0 |   17632 |   0.0 |       0 |      66 |   0.0 |  1053
       Swamp:1 |       0 |   14270 |   0.0 |       0 |      46 |   0.0 |   957
       Swamp:2 |       0 |   14674 |   0.0 |       0 |      34 |   0.0 |  1269
       Swamp:3 |       0 |   13181 |   0.0 |       0 |      39 |   0.0 |  1122
       Swamp:4 |       0 |   23685 |   0.0 |       0 |      50 |   0.0 |  1441
       Snake:1 |       0 |    8261 |   0.0 |       0 |      15 |   0.0 |   517
       Snake:2 |       0 |   13783 |   0.0 |       0 |      28 |   0.0 |  1006
       Snake:3 |       0 |   21640 |   0.0 |       0 |      48 |   0.0 |  2115
       Snake:4 |       0 |   53252 |   0.0 |       0 |      94 |   0.0 |  1484
         Orc:1 |       0 |    7103 |   0.0 |       0 |      18 |   0.0 |   719
         Orc:2 |       0 |    9005 |   0.0 |       0 |      52 |   0.0 |  1404
      Vaults:1 |       0 |   43092 |   0.0 |       0 |      67 |   0.0 |  1341
      Vaults:2 |       0 |   31111 |   0.0 |       0 |      50 |   0.0 |  1472
      Vaults:3 |       0 |   59917 |   0.0 |       0 |     101 |   0.0 |  2415
      Vaults:4 |       0 |   54667 |   0.0 |       0 |      65 |   0.0 |  1985
       Crypt:1 |       0 |   24972 |   0.0 |       0 |      46 |   0.0 |  1037
       Crypt:2 |       0 |   24500 |   0.0 |       0 |      41 |   0.0 |  1167
       Crypt:3 |       0 |   56781 |   0.0 |       0 |      83 |   0.0 |  2137
      Depths:1 |       0 |   44323 |   0.0 |       0 |      59 |   0.0 |  1884
      Depths:2 |       0 |   45605 |   0.0 |       0 |      46 |   0.0 |  1684
      Depths:3 |       0 |   45451 |   0.0 |       0 |      46 |   0.0 |   711
           Lab |       0 |     577 |   0.0 |       0 |       1 |   0.0 |   430
       Ossuary |       0 |      81 |   0.0 |       0 |      21 |   0.0 |   375
       Volcano |       0 |    3647 |   0.0 |       0 |      19 |   0.0 |   384
               +---------+---------+-------+---------+---------+-------+---------
